 Dungeon Crawl Stone Soup version 0.24.0-37-gcf1ca852f1 (console) character file.

Game seed: 18420045174855555081, levelgen mode: deterministic

59 nicanaca0 the Ruffian (level 3, -7/36 HPs)
             Began as a Troll Monk on Nov 11, 2019.
             Mangled by an ogre
             ... wielding a +0 giant club
              (20 damage)
             ... on level 2 of the Dungeon on Dec 3, 2019.
             The game lasted 00:09:42 (806 turns).

nicanaca0 the Ruffian (Troll Monk)                   Turns: 806, Time: 00:09:42

Health: -7/36      AC:  6    Str: 19    XL:     3   Next: 78%
Magic:  2/2        EV: 10    Int:  9    God:
Gold:   82         SH:  0    Dex: 13    Spells: 2/2 levels left

rFire    . . .     SeeInvis .     - Unarmed
rCold    . . .     Gourm    +   (no shield)
rNeg     . . .     Faith    .   a - +0 robe
rPois    .         Spirit   .   (helmet restricted)
rElec    .         Reflect  .   (no cloak)
rCorr    .         Harm     .   (gloves unavailable)
MR       .....                  (boots unavailable)
Stlth    +++.......             (no amulet)
HPRegen  0.52/turn              h - +3 ring of intelligence
MPRegen  0.08/turn              k - ring of stealth

@: lethally poisoned (-7 -> -9)
A: large, unfitting armour, claws 3, fast metabolism 3, gourmand, regeneration
1, shaggy fur 1, tough skin 3
a: no special abilities


You were on level 2 of the Dungeon.
You were completely stuffed.

You visited 1 branch of the dungeon, and saw 2 of its levels.

You collected 82 gold pieces.

Inventory:

Missiles
 f - 33 stones (quivered)
Armour
 a - a +0 robe (worn)
Jewellery
 h - a +3 ring of intelligence (left claw)
 k - a ring of stealth (right claw)
 n - a +3 ring of strength
 o - an uncursed ring of protection from cold
Scrolls
 g - a scroll of fear
 j - a scroll of identify
 l - a scroll of enchant weapon {unknown}
Potions
 c - a potion of magic {unknown}
 d - 2 potions of berserk rage {unknown}
 e - a potion of agility {unknown}
 i - a potion of haste {unknown}
Comestibles
 b - 2 rations
 m - 5 chunks of flesh


   Skills:
 - Level 2.4 Fighting
 - Level 2.4 Dodging
 - Level 1.0 Stealth
 * Level 4.8 Unarmed Combat


You had 2 spell levels left.
You didn't know any spells.
Your spell library was empty.

Dungeon Overview and Level Annotations

Branches:
Dungeon (2/15)

Altars:


Innate Abilities, Weirdness & Mutations

You are too large for most types of armour.
You have claws for hands.
Your metabolism is lightning-fast.
You like to eat raw meat.
Your natural rate of healing is unusually fast.
You are covered in fur. (AC +1)
You have extremely tough skin. (AC +3)


Message History

You closely miss the adder.
You feel sick. The adder closely misses you.
You miss the adder. The adder closely misses you.
The adder bites you but does no damage.
You claw the adder!
The adder is almost dead.
You feel sick. The adder closely misses you.
You closely miss the adder.
The adder is almost dead.
The adder bites you.
You are more poisoned.
The adder poisons you!
You barely miss the adder.
The adder is almost dead.
You feel sick. The adder bites you but does no damage.
You claw the adder!
You kill the adder!
You feel sick.
You barely miss the ogre.
The ogre hits you with a +0 giant club!!
Ouch! That really hurt!
You die...

.# .. .# #.) ..# ...
#.# ....# ..<. #.# ....
..... #.# ..#
......###.##..#
......O@$.....# .#
......##......####.#
#########.......##.####
#......#.#.##.....
#......#.#.....##
#............>..##
###................#
...................##
#........#...........


You could see an ogre.

Vanquished Creatures
  A gnoll (D:1)
  An adder (D:2)
  A worm (D:2)
  4 dart slugs
  4 bats (D:1)
  A giant cockroach (D:1)
  5 goblins (D:1)
  5 hobgoblins (D:1)
  2 kobolds (D:1)
  3 frilled lizards (D:1)
  A rat (D:1)
28 creatures vanquished.

Notes
Turn   | Place    | Note
-------+----------+-------------------------------------------
     0 | D:1      | nicanaca0 the Troll Monk began the quest for the Orb.
     0 | D:1      | Reached XP level 1. HP: 22/22 MP: 0/0
   153 | D:1      | Reached XP level 2. HP: 25/29 MP: 1/1
   476 | D:1      | Reached skill level 4 in Unarmed Combat
   476 | D:1      | Reached XP level 3. HP: 32/36 MP: 2/2
   673 | D:1      | Upgraded the game from 0.24.0-28-g17ded55e90 to
                  | 0.24.0-35-gdb84b6a5db
   673 | D:1      | Upgraded the game from 0.24.0-35-gdb84b6a5db to
                  | 0.24.0-37-gcf1ca852f1
   758 | D:2      | Noticed an ogre
   806 | D:2      | Mangled by an ogre

Levels and vault maps discovered:
D:1:      roderic_chinese_lattice_arrival, layout_loops_cross,
          minmay_box_of_dots
D:2:      layout_rooms, minmay_heptomino_l4, uniq_robin

Skill      XL: |  1  2 |
---------------+-------+-----
Unarmed Combat | 4 |  4.8
Fighting       | |  2.4
Dodging        | |  2.4
Stealth        | |  1.0

Action                   || total
-------------------------++-------
Melee: Unarmed           ||    67
       Punch             ||     1
Throw: Stone             ||     1
  Use: Scroll            ||     3
 Stab: Sleeping          ||     6
  Eat: Chunk             ||    13
Armor: Robe              ||    17
Dodge: Dodged            ||    27
